 Dungeon Crawl Stone Soup version 0.30-a0-42-g806c11bf1d (webtiles) character file.

Game seed: 1398490344533963166

10478 Newt the Summoner (level 11, -2/81 HPs)
             Began as a Demonspawn Gladiator on Aug 30, 2022.
             Was an Initiate of Gozag.
             Slain by a boulder beetle (13 damage)
             ... on level 9 of the Dungeon.
             The game lasted 00:15:48 (10699 turns).

Newt the Summoner (Demonspawn Gladiator)           Turns: 10699, Time: 00:15:49

Health: -2/81      AC: 15    Str: 18    XL:     11   Next: 36%
Magic:  16/21      EV: 14    Int:  9    God:    Gozag
Gold:   1609       SH:  5    Dex: 20    Spells: 17/24 levels left

rFire   . . .      SeeInvis .    w - +9 club
rCold   . . .      Faith    .    (no shield)
rNeg    . . .      Spirit   .    b - +0 leather armour
rPois   +          Reflect  +    c - +1 helmet
rElec   .          Harm     .    y - +2 cloak {rPois}
rCorr   .          Rampage  .    (no gloves)
Will    .....                    I - +1 pair of boots
Stlth   ++++......               F - amulet of reflection
HPRegen 0.23/turn                f - ring of poison resistance
MPRegen 0.17/turn                s - +4 ring of protection

@: no status effects
A: thin skeletal structure 2, spiny 2, weakness stinger 2
a: Renounce Religion, Potion Petition, Call Merchant, Bribe Branch


You were on level 9 of the Dungeon.
You worshipped Gozag.
Gozag was most pleased with you.
You visited 2 branches of the dungeon, and saw 10 of its levels.
You also visited: Bailey.

You collected 1881 gold pieces.
You spent 169 gold pieces at shops.
You paid 103 gold pieces to Gozag.

Inventory:

Hand Weapons
 a - a +1 rapier
 w - a +9 club (weapon)
Missiles
 d - 2 throwing nets
 e - a javelin
 k - 19 poisoned darts
 B - a curare-tipped dart
 E - 10 boomerangs (quivered)
Armour
 b - a +0 leather armour (worn)
 c - a +1 helmet (worn)
 n - a +2 robe of willpower
 y - a +2 cloak of poison resistance (worn)
 I - a +1 pair of boots (worn)
 M - an orb of energy
Jewellery
 f - a ring of poison resistance (left hand)
 s - a +4 ring of protection (right hand)
 t - a ring of ice
 F - an amulet of reflection (around neck)
 J - a ring of resist corrosion
Wands
 h - a wand of polymorph (11)
 v - a wand of roots (8)
 x - a wand of flame (33)
Scrolls
 r - 5 scrolls of teleportation
 u - 2 scrolls of butterflies
 D - 9 scrolls of enchant weapon
 G - 2 scrolls of magic mapping
 H - a scroll of enchant armour
Potions
 g - 3 potions of haste
 i - a potion of berserk rage
 j - 3 potions of curing
 l - 3 potions of brilliance
 m - 8 potions of heal wounds
 o - 3 potions of degeneration
 p - 2 potions of cancellation
 q - 3 potions of might
 z - 2 potions of invisibility {unknown}
 A - 2 potions of lignification {unknown}
 C - a potion of attraction
 K - a potion of magic {unknown}
 L - a potion of mutation {unknown}


   Skills:
 - Level 6.0 Fighting
 - Level 2.6 Short Blades
 + Level 7.6 Maces & Flails
 - Level 4.0 Throwing
 - Level 4.0 Armour
 - Level 4.0 Dodging
 - Level 2.0 Stealth
 - Level 7.2 Spellcasting
 - Level 5.5 Hexes
 - Level 8.0 Summonings
 - Level 5.0 Evocations


You had 17 spell levels left.
You knew the following spells:

 Your Spells              Type           Power      Damage    Failure   Level
a - Summon Small Mammal   Summ           68%        N/A       1%          1
b - Call Canine Familiar  Summ           17%        N/A       2%          3
c - Summon Guardian Gole  Hex/Summ       15%        N/A       4%          3

Your spell library contained the following spells:

 Spells                   Type           Power      Damage    Failure   Level
 Slow                     Hex            52%        N/A       2%          1
 Confusing Touch          Hex            13%        N/A       7%          3
 Ensorcelled Hibernation  Hex/Ice        16%        N/A       11%         2
 Dazzling Flash           Conj/Hex       16%        N/A       22%         3
 Inner Flame              Hex/Fire       8%         N/A       22%         3
 Beastly Appendage        Tmut           6%         N/A       24%         1
 Foxfire                  Conj/Fire      12%        2x1d4     24%         1
 Blink                    Tloc           6%         N/A       34%         2
 Wereblood                Tmut           3%         N/A       34%         2
 Summon Mana Viper        Hex/Summ       15%        N/A       36%         5
 Summon Ice Beast         Ice/Summ       10%        N/A       41%         4
 Conjure Flame            Conj/Fire      3%         6-21      56%         3
 Ignite Poison            Fire/Tmut/Pois 3%         N/A       56%         3
 Lesser Beckoning         Tloc           3%         N/A       56%         3
 Mephitic Cloud           Conj/Pois/Air  3%         N/A       56%         3
 Spider Form              Tmut/Pois      3%         N/A       56%         3
 Vampiric Draining        Necr           3%         2d6       56%         3
 Anguish                  Hex/Necr       4%         N/A       58%         4
 Flame Wave               Conj/Fire      3%         2d5       93%         4
 Iskenderun's Mystic Bla  Conj/Tloc      3%         2d3       93%         4
 Freezing Cloud           Conj/Ice/Air   1%         6-21      100%        5
 Manifold Assault         Tloc           3%         N/A       100%        5
 Starburst                Conj/Fire      1%         6d3       100%        6
 Enfeeble                 Hex            6%         N/A       100%        7
 Monstrous Menagerie      Summ           8%         N/A       100%        7
 Storm Form               Tmut/Air       1%         N/A       100%        7


Dungeon Overview and Level Annotations

Branches:
Dungeon (9/15)             Temple (1/1) D:4          Bailey (visited)
   Lair: D:8-11         Orc: D:9-12

Altars:
Ashenzari
Cheibriados
Dithmenos
Fedhas
Gozag
Hepliaklqana
Kikubaaqudgha
Makhleb
Nemelex Xobeh
Okawaru
Qazlal
Ru
Sif Muna
Trog
Uskayaw
Vehumet
Wu Jian
Xom
Yredelemnul

Shops:
D:6 !   D:7 (


Innate Abilities, Weirdness & Mutations

You have a moderately thin skeletal structure. (Dex +4, Stealth++)
You are mostly covered in sharp spines.
You have a tail ending in a sharp stinger.


Message History

Throw: 10 boomerangs
Press: ? - help, Q - select action, (/) - cycle Shift-Dir - straight line, f/p - boulder beetle
Aim: a boulder beetle (almost dead, 91% to hit)
You throw a boomerang.
The boomerang hits the boulder beetle but does no damage.
The boulder beetle is almost dead.
Throw: 10 boomerangs
Press: ? - help, Q - select action, (/) - cycle Shift-Dir - straight line, f/p - boulder beetle
Aim: a boulder beetle (almost dead, ally target, 91% to hit)
You throw a boomerang.
The boomerang hits the boulder beetle but does no damage.
The boulder beetle is almost dead.
Throw: 10 boomerangs
Press: ? - help, Q - select action, (/) - cycle Shift-Dir - straight line, f/p - boulder beetle
Aim: a boulder beetle (almost dead, ally target, 91% to hit)
You throw a boomerang.
The boomerang hits the boulder beetle but does no damage.
The boulder beetle is almost dead.
The boulder beetle curls into a ball and begins rolling!
Throw: 10 boomerangs
Press: ? - help, Q - select action, (/) - cycle Shift-Dir - straight line, f/p - boulder beetle
Aim: a boulder beetle (almost dead, rolling, ally target, 91% to hit)
You throw a boomerang. The boomerang hits the boulder beetle.
The boulder beetle is almost dead.
The boulder beetle hits you.
The boulder beetle stops rolling and uncurls.
You hit the boulder beetle but do no damage.
The boulder beetle is almost dead.
The boulder beetle bites you!
* * * LOW HITPOINT WARNING * * *
Unknown command.
Throw: 10 boomerangs
Press: ? - help, Q - select action, (/) - cycle Shift-Dir - straight line, f/p - boulder beetle
Aim: a boulder beetle (almost dead, ally target, 91% to hit)
You throw a boomerang.
The boomerang hits the boulder beetle but does no damage.
The boulder beetle is almost dead.
The boulder beetle bites you!
You die...
Your body crumbles into a pile of gold.

## ..
#.#### ...#
####B######
#..)<@○.h$#
#.#######.#
$... #.#
###. #.. #.
.... ##
#....
..#### #..
...


You could see a boulder beetle (ally target) and a friendly hound (summoned).

Vanquished Creatures
  An orc knight (Bailey)
  Grinder (D:4)
  A hornet (D:8)
  Sigmund (D:2)
  A wyvern (D:8)
  2 steam dragons (D:8)
  A water moccasin (D:5)
  4 orc warriors (Bailey)
  4 sky beasts
  A black bear (D:5)
  2 ice beasts
  2 ogres (D:5)
  4 centaurs
  A phantom (D:5)
  A kobold brigand (D:6)
  3 bullfrogs
  A necrophage (D:6)
  4 scorpions (D:5)
  17 wights
  12 killer bees
  2 howler monkeys
  4 orc priests
  4 jellies
  Crazy Yiuf (D:2)
  4 hounds
  Jessica (D:2)
  Terence (D:2)
  2 iguanas
  5 orc wizards
  A mummy (D:6)
  3 gnolls (D:4)
  6 adders
  A white imp (D:8)
  2 worms (D:2)
  4 dart slugs
  55 orcs
  7 bats
  7 endoplasms
  3 giant cockroaches
  3 goblins
  7 hobgoblins
  11 jackals
  7 kobolds
  8 quokkas
  2 ball pythons
  5 frilled lizards
  2 hobgoblin zombies (D:6)
  A kobold zombie (D:6)
  An orc zombie (D:6)
  2 rats (D:2)
226 creatures vanquished.

Vanquished Creatures (collateral kills)
  An orc warrior (Bailey)
  A wight (D:8)
  2 orcs (Bailey)
  A ball python (D:3)
  3 goblins (D:8)
8 creatures vanquished.

Vanquished Creatures (others)
  An orc knight (Bailey)
  A steam dragon (D:8)
  An orc warrior (Bailey)
  A wight (D:9)
  3 orcs (Bailey)
  3 fungi (D:9)
  19 plants
  3 toadstools (D:3)
32 creatures vanquished.

Grand Total: 266 creatures vanquished

Notes
Turn   | Place    | Note
-------+----------+-------------------------------------------
     0 | D:1      | Newt the Demonspawn Gladiator began the quest for the Orb.
     0 | D:1      | Reached XP level 1. HP: 16/16 MP: 1/1
    69 | D:1      | Reached skill level 1 in Stealth
   105 | D:1      | Gained mutation: You have a somewhat thin skeletal
                  | structure. (Dex +2, Stealth+) [demonic ancestry]
   105 | D:1      | Reached XP level 2. HP: 14/22 MP: 2/2
   382 | D:1      | Found a faded altar of an unknown god.
   740 | D:2      | Gained mutation: You have a moderately thin skeletal
                  | structure. (Dex +4, Stealth++) [demonic ancestry]
   740 | D:2      | Reached XP level 3. HP: 26/27 MP: 3/3
  1063 | D:2      | Learned a level 1 spell: Summon Small Mammal
  1203 | D:2      | Noticed Terence
  1219 | D:2      | Killed Terence
  1220 | D:2      | Gained mutation: You are partially covered in sharp spines.
                  | [demonic ancestry]
  1220 | D:2      | Reached XP level 4. HP: 7/33 MP: 4/4
  1572 | D:2      | Noticed Sigmund
  1582 | D:2      | Killed Sigmund
  1583 | D:2      | Reached XP level 5. HP: 26/42 MP: 5/5
  1775 | D:2      | Found a runed translucent door.
  1776 | D:2      | Noticed Crazy Yiuf
  1966 | D:2      | Noticed Jessica
  1974 | D:2      | Killed Jessica
  1975 | D:2      | Reached XP level 6. HP: 48/48 MP: 6/6
  2229 | D:2      | Killed Crazy Yiuf
  3350 | D:4      | Reached skill level 1 in Maces & Flails
  3778 | D:4      | Noticed Grinder
  3782 | D:4      | Paralysed by Grinder for 2 turns
  3790 | D:4      | Paralysed by Grinder for 3 turns
  3795 | D:4      | Killed Grinder
  3796 | D:4      | Gained mutation: You are mostly covered in sharp spines.
                  | [demonic ancestry]
  3796 | D:4      | Reached XP level 7. HP: 24/54 MP: 7/7
  4046 | D:4      | Found a basalt altar of Yredelemnul.
  4312 | D:4      | Found a radiant altar of Vehumet.
  4472 | D:4      | Found a staircase to the Ecumenical Temple.
  4508 | Temple   | Entered the Ecumenical Temple
  4624 | Temple   | Became a worshipper of Gozag Ym Sagoz the Greedy
  4768 | D:5      | Entered Level 5 of the Dungeon
  4778 | D:5      | Reached skill level 5 in Maces & Flails
  4778 | D:5      | Reached skill level 1 in Armour
  4855 | D:5      | Gained mutation: You have a small tail. [demonic ancestry]
  4855 | D:5      | Reached XP level 8. HP: 23/60 MP: 8/8
  5448 | D:5      | Reached skill level 1 in Evocations
  5782 | D:5      | Reached skill level 5 in Evocations
  5787 | D:5      | Reached skill level 2 in Summonings
  6341 | D:6      | Reached skill level 3 in Summonings
  6346 | D:6      | Reached XP level 9. HP: 60/65 MP: 9/9
  6357 | D:6      | Reached skill level 4 in Summonings
  6361 | D:6      | Found Rydghuuc's Distillery.
  6425 | D:6      | Reached skill level 5 in Summonings
  6624 | D:6      | Bought a potion of heal wounds for 65 gold pieces
  6624 | D:6      | Bought a potion of degeneration for 13 gold pieces
  6624 | D:6      | Bought a potion of attraction for 39 gold pieces
  6624 | D:6      | Bought a potion of might for 52 gold pieces
  6709 | D:6      | Found a burning altar of Makhleb.
  6724 | D:6      | Reached skill level 1 in Spellcasting
  7373 | D:6      | Found a hazy altar of Hepliaklqana.
  7648 | D:7      | Found a hide-covered altar of Uskayaw.
  7802 | D:7      | Found an ornate altar of the Wu Jian Council.
  7836 | D:7      | Reached skill level 5 in Spellcasting
  7875 | D:7      | Learned a level 3 spell: Call Canine Familiar
  8094 | D:7      | Found Fihitwoy's Weapon Shoppe.
  8283 | D:8      | Found a flagged portal.
  8300 | D:8      | Reached skill level 5 in Fighting
  8379 | Bailey   | Entered a bailey
  8562 | Bailey   | Reached skill level 5 in Hexes
  8562 | Bailey   | Reached skill level 7 in Summonings
  8562 | Bailey   | Reached XP level 10. HP: 76/76 MP: 16/20
  8567 | Bailey   | Learned a level 3 spell: Summon Guardian Golem
  8614 | Bailey   | Noticed an orc knight
  8625 | Bailey   | Noticed an orc knight
  8632 | Bailey   | Killed an orc knight
  8633 | Bailey   | Reached skill level 8 in Summonings
  8633 | Bailey   | Gained mutation: You have a tail ending in a sharp stinger.
                  | [demonic ancestry]
  8633 | Bailey   | Reached XP level 11. HP: 20/81 MP: 2/21
  8641 | Bailey   | Killed an orc knight
  9053 | Bailey   | Acquired a book of Beasts
 10347 | D:9      | Noticed a boulder beetle
 10699 | D:9      | Slain by a boulder beetle

Illustrated notes

Levels and vault maps discovered:
D:1:      zelgadis_glass_arrival_small, layout_rooms,
          dreamdust_ecumenical_altar_angels_and_demons
D:2:      layout_basic, minmay_pentomino_o4, uniq_crazy_yiuf_cottage,
          uniq_sigmund, uniq_jessica, uniq_terence
D:3:      layout_loops_cross, mainiacjoe_overflow_chevrons,
          minmay_gold_behind_fungi
D:4:      layout_loops_cross, mainiacjoe_overflow_brackets,
          kennysheep_mini_moat, minmay_temple_entry_butterflies,
          minmay_misc_feat_plants, uniq_grinder
D:5:      minmay_opposing_rooms, layout_cave_pods, grunt_ministairs_14,
          feat_on_display
D:6:      layout_basic, lemuel_crystal_altar, nicolae_hepliaklqana_hazy_memory,
          mainiacjoe_overflow_boulevard, serial_shops, shop,
          grunt_decor_junction, minmay_mini_ossuary
D:7:      layout_loops_ring, mainiacjoe_overflow_paths, amcnicky_altar_gilded,
          serial_shops, nicolae_shop_bloodbath_and_beyond, minivault_23,
          minmay_misc_feat_four_crosses
D:8:      layout_basic, enter_bailey_5, hangedman_misty_isle
D:9:      kennysheep_spiral_hall, layout_basic, dpeg_oklobed_lair, orc_0_dummy,
          gammafunk_ghost_spectres, solitary_fountain, nzn_sisyphean_effort
Temple:   nicolae_temple_two_arcs

Skill      XL: |  1  2  3  4  5  6  7  8  9 10 11 |
---------------+----------------------------------+-----
Stealth        | 1 2 |  2.0
Throwing       | 2 3 4 |  4.0
Fighting       | 4 6 |  6.0
Dodging        | 3 4 |  4.0
Maces & Flails | 3 5 7 |  7.6
Armour         | 2 4 |  4.0
Evocations     | 5 |  5.0
Summonings     | 3 7 8 |  8.0
Spellcasting   | 7 |  7.2
Hexes          | 5 |  5.5
Short Blades   | |  2.6

Action                   |  1- 3 |  4- 6 |  7- 9 | 10-12 || total
-------------------------+-------+-------+-------+-------++-------
Melee: Rapier            |   129 |    12 |       |       ||   141
       Punch             |     1 |     1 |     1 |       ||     3
       Club              |       |    41 |   252 |   121 ||   414
       Tailslap          |       |       |    24 |    14 ||    38
Throw: Throwing net      |     2 |     2 |     2 |     1 ||     7
       Javelin           |     1 |       |     1 |     1 ||     3
       Dart              |       |       |       |     7 ||     7
       Boomerang         |       |       |       |    22 ||    22
 Cast: Summon Small Mamm |       |       |     2 |     3 ||     5
       Call Canine Famil |       |       |     4 |     8 ||    12
       Summon Guardian G |       |       |       |     9 ||     9
Evoke: Wand              |       |       |       |     1 ||     1
  Use: Scroll            |     6 |     7 |     6 |     3 ||    22
       Potion            |       |       |     1 |       ||     1
 Stab: Sleeping          |     9 |    10 |    18 |     5 ||    42
       Held in net/web   |     1 |       |       |       ||     1
       Distracted        |       |       |     4 |       ||     4
Armor: Leather armour    |    35 |     9 |    55 |    51 ||   150
Dodge: Dodged            |    86 |    24 |   135 |    82 ||   327
Block: Other             |       |       |    27 |    33 ||    60

Table legend: (Time is in decaauts)
 A = Elapsed time spent in this place.
 B = Non-inter-level travel time spent in this place.
 C = Inter-level travel time spent in this place.
 D = Time resting spent in this place.
 E = Time spent auto-exploring this place.
 F = Levels seen in this place.
 G = Mean time per level.
                   A        B        C        D        E       F      G
               +--------+--------+--------+--------+--------+-----+--------+
         Total |  10738 |  10476 |    262 |   3079 |   5731 |  11 |  976.2 |
       Dungeon |   9933 |   9684 |    249 |   2720 |   5487 |   9 | 1103.7 |
        Temple |    125 |    113 |     12 |      0 |    106 |   1 |  125.0 |
        Bailey |    679 |    679 |      0 |    359 |    138 |   1 |  679.0 |
               +--------+--------+--------+--------+--------+-----+--------+

Top non-repeatable levels by time:
     D:2: 1684 daAuts
     D:8: 1636 daAuts
     D:5: 1553 daAuts
     D:4: 1324 daAuts
     D:6: 1294 daAuts
     D:3: 939 daAuts
     D:1: 718 daAuts
  Bailey: 679 daAuts
     D:7: 669 daAuts
  Temple: 125 daAuts
     D:9: 113 daAuts
